[Event "Weekendtournooi Groningen & PK NOSBO"]
[Site "Groningen, Netherlands"]
[Date "2023.05.21"]
[Round "6.8"]
[White "Noordenbos, Daan"]
[Black "Van Foreest, Nanne"]
[Result "1-0"]
[TimeControl "90min + 30sec/move"]
[WhiteElo "2076"]
[BlackElo "1914"]

1. e4 c5 2. Nf3 e6 3. d4 cxd4 4. Nxd4 Nf6 5. Nc3 Nc6 6.
Nxc6 bxc6 7. e5 Nd5 8.
Ne4 Qc7 9. f4 Qb6 10. c4 Bb4+ 11. Ke2 f5 12. Nf2 Ba6 13. Kf3 Ne7 14.
Be3 Bc5 15. Bxc5 Qxc5 16. Qd6 Qb6 17.
b3 Bb7 18. Rd1 c5+ 19. Ke3 Qxd6 20. exd6 Ng8 21. Nd3 Rc8 22. Ne5 Nf6 23. Be2 a5 24. Rhg1 O-O 25. h3 Rfd8 26. g4 a4 27.
g5 Ne4 28. Bf3 Rb8 29. Rd3 Ba8 30. bxa4 Rb6 31. Rgd1 Ra6 32. Bxe4 Bxe4 33. Ra3 Bc2 34. Rd2 Rxa4 35. Rxa4 Bxa4 36.
Rb2 Bc6 37. Nd3 Ra8 38. Nxc5 Kf7 39. Nd3 Be4 40. Ne5+ Ke8 41. a4 Kd8 42. Rb4 Kc8 43. c5 Bc2 44. Nc4 Rb8 45. Nb6+ Kd8 46. a5 Be4 47. a6 1-0

[Event "Weekendtournooi Groningen & PK NOSBO"]
[Site "Groningen, Netherlands"]
[Date "2023.05.21"]
[Round "6.9"]
[White "Van De Poel, Taco"]
[Black "Clemens, Adrian"]
[Result "1/2-1/2"]
[TimeControl "90min + 30sec/move"]
[BlackTitle "FM"]
[WhiteElo "1854"]
[BlackElo "2060"]

1. e4 c5 2. Nf3 d6 3. d4 cxd4 4. Nxd4 Nf6 5. Nc3 Nc6 6.
Bc4 Qb6 7. Nb3 e6 8. Be3 Qc7 9. O-O Be7 10. f4 O-O 11. Bd3 b6 12. g4 Bb7 13. g5 Nd7 14. e5 Ncxe5 15. fxe5 Nxe5 16.
Be4 d5 17. Bxh7+ Kxh7 18. Bf4 Ba6 19.
Qh5+ Kg8 20. Rae1 Bd6 21. Bxe5 Bxe5 22. g6 Bxh2+ 23. Kh1 fxg6 24. Rxf8+ Rxf8 25. Qxh2 Qxh2+ 26. Kxh2 Rf2+ 27. Kg3 Rxc2 28. Rxe6 Rxb2 29. Re8+ Kh7 30. Nd4 Bc4 31. Ne6 g5 32.
Re7 Rc2 33. Nd1 Rxa2 34. Ne3 Kg6 35. Ng4 Ra3+ 36. Kf2 Kf5 37. Ne3+ Kf6 38. Re8 Kf7 39. Nc7 Ra2+ 40. Kg3 Re2 41.
Kf3 b5 42. Nxc4 Rxe8 43. Nd6+ Ke7 44. Ndxe8 Kd7 45. Nxb5 Kxe8 46. Nxa7 Kd7 47. Nb5 Kc6 48. Nd4+ Kc5 49. Ne6+ Kc4 50.
Nxg5 d4 51. Ne6 d3 52. Nxg7 Kc3 53. Nf5 d2 1/2-1/2

[Event "Weekendtournooi Groningen & PK NOSBO"]
[Site "Groningen, Netherlands"]
[Date "2023.05.21"]
[Round "6.10"]
[White "Aden, Meino"]
[Black "Kazarjan, Gachatur"]
[Result "1-0"]
[TimeControl "90min + 30sec/move"]
[WhiteElo "1897"]
[BlackElo "1906"]

1. d4 Nf6 2. Bf4 c5 3. dxc5 Nc6 4. Nf3 Qa5+ 5. c3 Qxc5 6. Nbd2 d6 7. e3 g6 8. Be2 Bg7 9. O-O Bd7 10. h3 O-O 11. Nb3 Qb6 12. Bd3 Rfe8 13. e4 Rad8 14.
Qe2 Nh5 15. Be3 Qc7 16. Nfd4 a6 17. Rac1 Ne5 18. Rfd1 Nxd3 19. Qxd3 e5 20. Nc2 Be6 21. Nb4 f5 22. Nd5 Bxd5 23.
Qxd5+ Kh8 24. f3 fxe4 25. fxe4 Rf8 26. Bg5 Nf4 27. Qd2 Rd7 28. Kh2 Qc4 29. Bxf4 Rxf4 30. Qd5 Qxd5 31. Rxd5 Bf8 32.
Rcd1 Rdf7 33. Nd2 Rf2 34. Kg1 b5 35. Rf1 Bh6 36. Rxf2 Be3 37. Nf3 1-0

[Event "Weekendtournooi Groningen & PK NOSBO"]
[Site "Groningen, Netherlands"]
[Date "2023.05.21"]
[Round "6.11"]
[White "Basinas, Konstantinos"]
[Black "Enserink, Henk"]
[Result "1-0"]
[TimeControl "90min + 30sec/move"]
[WhiteElo "1902"]
[BlackElo "1787"]

1. e4 e5 2. Nf3 Nc6 3. Bc4 Bc5 4. d3 d6 5. c3 Bg4 6. Nbd2 Nf6 7. h3 Bh5 8. Nf1 h6 9. Ng3 Bg6 10. O-O O-O 11. Nh4 Nxe4 12.
Nxg6 Nxf2 13. Rxf2 Bxf2+ 14. Kxf2 Qf6+ 15. Qf3 Qxg6 16. h4 e4 17. Qxe4 Qxe4 18. dxe4 Ne5 19. Bb3 Nd3+ 20. Ke3 Nxc1 21. Rxc1 g6 22. Ne2 Kg7 23. Nd4 c6 24. h5 Rae8 25.
hxg6 fxg6 26. Ne6+ 1-0

[Event "Weekendtournooi Groningen & PK NOSBO"]
[Site "Groningen, Netherlands"]
[Date "2023.05.21"]
[Round "7.1"]
[White "Maatman, Nick"]
[Black "Jacobs, Florian"]
[Result "1-0"]
[TimeControl "90min + 30sec/move"]
[WhiteTitle "IM"]
[WhiteElo "2348"]
[BlackElo "2227"]

1. Nf3 d5 2. g3 Nf6 3.
Bg2 c5 4. O-O Nc6 5. d4 cxd4 6.
Nxd4 e5 7. Nxc6 bxc6 8. c4 Be6 9. Qa4 Qd7 10. Rd1 Rc8 11. cxd5 cxd5 12. Qxd7+ Nxd7 13. e3 Bb4 14. a3 Ba5 15. b4 Bb6 16. Bb2 d4 17. exd4 Rc2 18. Rd2 Rxd2 19.
Nxd2 Bxd4 20. Bxd4 exd4 21. Nf3 d3 22. Rd1 Ke7 23. Nd4 Bc4 24. Nf5+ Ke6 25. Bh3 Kf6 26. Nd6 Be6 27. Ne4+ Ke5 28. Bxe6 fxe6 29. Rxd3 Nb6 30. Ng5 Rc8 31. Re3+ Kf6 32.
f4 h6 33. Rxe6+ Kf5 34. Re5+ Kg4 35. Ne4 Nc4 36. Rd5 Kf3 37. Nc5 Ne3 38. Rd4 a5 39. f5 axb4 40. axb4 Ke2 41. Rf4 Nd5 42. Rf2+ Ke3 43. Ne6 Nxb4 44. Nxg7 Nd3 45. Rf1 Ke2 46. f6 Ne5 47. Rf2+ Ke3 48.
Nf5+ Kd3 49. Nxh6 Ke4 50. Kg2 Rh8 51. Re2+ Kd5 52. Rxe5+ Kxe5 53. Nf7+ Kxf6 54. Nxh8 1-0

[Event "Weekendtournooi Groningen & PK NOSBO"]
[Site "Groningen, Netherlands"]
[Date "2023.05.21"]
[Round "7.4"]
[White "Keuning, Selwin"]
[Black "Aden, Meino"]
[Result "1-0"]
[TimeControl "90min + 30sec/move"]
[WhiteElo "2148"]
[BlackElo "1897"]

1. e4 e6 2. d4 d5 3. Nc3 Nf6 4.
e5 Nfd7 5. Nce2 c5 6. c3 Nc6 7. Nf3 Be7 8. a3 cxd4 9. cxd4 f6 10. exf6 Nxf6 11. Nc3 O-O 12. Bd3 Bd7 13. O-O Rc8 14. Re1 Bd6 15. Bc2 Re8 16.
Bg5 h6 17. Bh4 Bf4 18. Qd3 Re7 19. Ne5 Be8 20. Rad1 g5 21. Bg3 Bxg3 22. Qxg3 Rg7 23. Qh3 Qe7 24. Qxh6 Nxe5 25. Rxe5 Ng4 26.
Qxe6+ Qxe6 27. Rxe6 Bd7 28. Rd6 1-0

[Event "Weekendtournooi Groningen & PK NOSBO"]
[Site "Groningen, Netherlands"]
[Date "2023.05.21"]
[Round "7.5"]
[White "Labruyere, Roger"]
[Black "Aden, Tammo"]
[Result "0-1"]
[TimeControl "90min + 30sec/move"]
[WhiteElo "2169"]
[BlackElo "1998"]

1. e4 c6 2. Nf3 d5 3. Nc3 dxe4 4. Nxe4 Nf6 5. Qe2 Nxe4 6.
Qxe4 Nd7 7. Bc4 Nf6 8. Ne5 e6 9. Qf4 Bd6 10. d4 Qc7 11. Qg3 O-O 12. Bh6 Nh5 13. Qg5 f6 14. Qxh5 fxe5 15. Be3 e4 16. O-O Bd7 17.
h3 Kh8 18. Rad1 Be8 19. Qh4 Bg6 20. Bxe6 Rae8 21. Bb3 Rf5 22. c4 Qd7 23. d5 c5 24. Rfe1 Qf7 25. Rd2 Rh5 26. Qg4 Bf5 27.
Qe2 Qg6 28. Qf1 Rxh3 29. f4 exf3 30. Bg5 Rh1+ 31. Kxh1 Qh5+ 32. Kg1 Qh2+ 33. Kf2 Qg3+ 0-1

[Event "Weekendtournooi Groningen & PK NOSBO"]
[Site "Groningen, Netherlands"]
[Date "2023.05.21"]
[Round "7.6"]
[White "Kingma, Lukas"]
[Black "Kardoeus, David"]
[Result "0-1"]
[TimeControl "90min + 30sec/move"]
[WhiteElo "1518"]
[BlackElo "2158"]

1. d4 Nf6 2. c4 g6 3.
Nc3 Bg7 4. e4 d6 5. Nf3 O-O 6. Be2 e5 7. O-O Bg4 8. Be3 Bxf3 9. Bxf3 exd4 10. Bxd4 Nc6 11. Be3 Nd7 12.
Qd2 Nc5 13. Be2 Bxc3 14. Qxc3 Nxe4 15. Qc2 Re8 16. a3 f5 17. Rad1 Qf6 18. b4 f4 19. Bd2 Nd4 20. Qd3 Nxe2+ 21. Qxe2 Ng3 22. Qd3 Nxf1 23. Kxf1 f3 24. Bc3 fxg2+ 25. Kg1 Qf5 26. Qd4 Re5 27. f4 Rf8 28. fxe5 Qf1+ 0-1

[Event "Weekendtournooi Groningen & PK NOSBO"]
[Site "Groningen, Netherlands"]
[Date "2023.05.21"]
[Round "7.7"]
[White "Aden, Keno"]
[Black "Noordenbos, Daan"]
[Result "0-1"]
[TimeControl "90min + 30sec/move"]
[WhiteElo "1701"]
[BlackElo "2076"]

1. d4 Nf6 2. Nf3 d5 3. c4 dxc4 4. e3 e6 5. Bxc4 c5 6.
Nc3 a6 7. a4 Nbd7 8. O-O Qc7 9. Qe2 Be7 10. Rd1 O-O 11. Bd2 b6 12. d5 exd5 13. Nxd5 Nxd5 14. Bxd5 Bb7 15. Bc3 Bf6 16.
Qc4 b5 17. axb5 axb5 18. Qd3 Rxa1 19. Rxa1 Bxd5 20. Qxd5 Bxc3 21. bxc3 Nf6 22. Qf5 h6 23. Rd1 Re8 24. h3 Qe7 25. Rb1 Ne4 26. Rc1 Nxf2 27. Re1 Ne4 0-1

[Event "Weekendtournooi Groningen & PK NOSBO"]
[Site "Groningen, Netherlands"]
[Date "2023.05.21"]
[Round "7.8"]
[White "Valiente, Paulo"]
[Black "Basinas, Konstantinos"]
[Result "1-0"]
[TimeControl "90min + 30sec/move"]
[WhiteElo "1854"]
[BlackElo "1902"]

1. d4 Nf6 2. c4 g6 3. Nc3 Bg7 4.
e4 d6 5. f4 O-O 6. Nf3 c5 7.
d5 e6 8.
Be2 exd5 9. exd5 Na6 10. O-O Nc7 11. a4 Na6 12. h3 h5 13. Bd3 Nb4 14. Bb1 Bf5 15. Bxf5 gxf5 16. Nh4 Qd7 17. Ra3 Kh7 18. Bd2 Rae8 19.
Nb1 Re4 20. Bc3 Rxc4 21. Bxf6 Bxf6 22. Qxh5+ Kg8 23. Rg3+ Bg7 24. Nxf5 f6 25. Rxg7+ Qxg7 26. Nxg7 Kxg7 27. Rf3 1-0

[Event "Weekendtournooi Groningen & PK NOSBO"]
[Site "Groningen, Netherlands"]
[Date "2023.05.21"]
[Round "7.9"]
[White "Clemens, Adrian"]
[Black "Klooster, Jim"]
[Result "1-0"]
[TimeControl "90min + 30sec/move"]
[WhiteTitle "FM"]
[WhiteElo "2060"]
[BlackElo "1887"]

1. d4 d5 2. Nf3 Nf6 3. c4 e6 4. g3 c6 5. Bg2 Bd6 6. Nc3 O-O 7. O-O Nbd7 8. Nd2 b6 9. e4 dxe4 10.
Ndxe4 Qc7 11. Nxd6 Qxd6 12. Bf4 e5 13. dxe5 Qxd1 14. Rfxd1 Nh5 15. Bxc6 Nxf4 1-0

[Event "Weekendtournooi Groningen & PK NOSBO"]
[Site "Groningen, Netherlands"]
[Date "2023.05.21"]
[Round "7.10"]
[White "Gomez Becerra, Pablo"]
[Black "Westerlaan, Sander"]
[Result "0-1"]
[TimeControl "90min + 30sec/move"]
[WhiteElo "1696"]
[BlackElo "1960"]

1. d4 d5 2. Nf3 Nf6 3. e3 Bf5 4. c4 e6 5. Be2 Bd6 6. Nc3 Nbd7 7. cxd5 exd5 8. Qb3 Nb6 9.
a4 a5 10. Nb5 Be7 11. Bd3 Ne4 12.
O-O c6 13. Na3 Bd6 14. Qc2 Qf6 15. b3 Qh6 16. Nc4 Nxc4 17. bxc4 Ng5 18. Ne5 Bxe5 19. dxe5 Nf3+ 20. gxf3 Qg6+ 21. Kh1 Bxd3 22. Qd1 Bxf1 23. Qxf1 Qf5 24. Qe2 dxc4 25. Qxc4 Qxf3+ 26. Kg1 O-O-O 27. Ba3 Rhe8 28. Bd6 Re6 29.
Rc1 Qh3 30. Kh1 Qf3+ 31. Kg1 h5 32. Kf1 Rg6 33. Qc5 Rg2 0-1

[Event "Weekendtournooi Groningen & PK NOSBO"]
[Site "Groningen, Netherlands"]
[Date "2023.05.21"]
[Round "7.11"]
[White "Van Foreest, Nanne"]
[Black "Aden, Dagmar"]
[Result "1/2-1/2"]
[TimeControl "90min + 30sec/move"]
[WhiteElo "1914"]
[BlackElo "1739"]

1. e4 c5 2. c3 Nf6 3. e5 Nd5 4.
d4 cxd4 5. Nf3 e6 6. cxd4 Nc6 7.
Bc4 Nb6 8. Bb3 d5 9. O-O Be7 10. Nc3 Bd7 11. Ne2 Rc8 12. Ne1 a5 13. a3 a4 14. Bc2 Na5 15. Qd3 Qc7 16. Nf4 Qc4 17.
Qg3 g6 18. Bd3 Qc7 19. Qh3 Nb3 20. Bxg6 fxg6 21. Nxg6 Nxc1 22. Nxh8 Bb5 23. Qh5+ Kd7 24. Qxh7 Rxh8 25. Qxh8 Bxf1 26.
Kxf1 Qc4+ 27. Kg1 Ne2+ 28. Kh1 Nxd4 29.
h3 Qf1+ 30. Kh2 Qxf2 31. Qg7 Nf5 32.
Qg4 Ne3 33. Qf3 Nf1+ 34. Kh1 Ng3+ 35. Kh2 Nf1+ 1/2-1/2